Map: [ESL] Hard Lead

Players

SKillous

  • Race: Protoss Protoss
  • Spawn Location: 11:00

Reynor - Winner!

  • Race: Zerg Zerg
  • Spawn Location: 5:00

Event: ESL SC2 Masters 2023 Winter (Regional)

VOD

Have the link to the VOD?

Description

Time

  • Played on: Nov. 12, 2023, 11:44 a.m.
  • Length: 10:07

All games in this series

Show
View Real Time Build Order
Export as new Build Order

SKillous Protoss 

Build Orders: 1 Gate Expand, Archon Immortal, Mass Adepts 

Get SALT Encoding   

  12  0:00  Probe  
  13  0:14  Pylon  
  13  0:18  Probe (Chrono Boost)  
  14  0:28  Probe (Chrono Boost)  
  15  0:33  Probe (Chrono Boost)  
  16  0:39  Gateway  
  16  0:44  Probe  
  16  0:48  Assimilator  
  17  0:56  Probe  
  18  1:09  Probe  
  19  1:21  Probe  
  19  1:24  Nexus  
  20  1:35  Cybernetics Core  
  20  1:39  Probe  
  21  1:43  Assimilator  
  21  1:51  Probe  
  21  1:53  Pylon  
  22  2:03  Probe (Chrono Boost)  
  23  2:08  Adept (Chrono Boost)  
  23  2:12  Warp Gate  
  23  2:15  Probe (Chrono Boost)  
  26  2:23  Probe (Chrono Boost)  
  26  2:25  Twilight Council  
  27  2:32  Stalker  
  27  2:34  Probe (Chrono Boost)  
  31  2:37  Probe (Chrono Boost)  
  32  2:46  Probe (Chrono Boost)  
  32  2:47  Probe (Chrono Boost)  
  33  2:52  Probe  
  33  2:53  Gateway  
  33  2:56  Probe  
  35  3:00  Gateway  
  35  3:01  Resonating Glaives (Chrono Boost)  
  35  3:05  Probe  
  36  3:10  Probe  
  37  3:15  Adept  
  37  3:17  Probe  
  40  3:22  Probe  
  41  3:27  Pylon  
  41  3:29  Probe  
  42  3:34  Probe  
  42  3:38  Nexus  
  42  3:41  Probe  
  44  3:51  Probe  
  44  3:53  Probe  
  44  3:59  Adept x2  
  44  4:00  Adept  
  50  4:04  Robotics Facility, Pylon  
  50  4:07  Pylon, Probe x2  
  52  4:11  Assimilator  
  52  4:14  Assimilator  
  52  4:20  Pylon  
  52  4:23  Adept x2  
  56  4:24  Adept  
  56  4:26  Probe  
  56  4:27  Probe  
  60  4:40  Probe, Pylon  
  60  4:41  Probe  
  62  4:45  Adept x3  
  62  4:50  Immortal (Chrono Boost)  
  68  4:58  Probe (Chrono Boost)  
  68  4:59  Probe (Chrono Boost)  
  75  5:02  Probe (Chrono Boost)  
  75  5:06  Probe (Chrono Boost)  
  77  5:09  Probe (Chrono Boost)  
  77  5:10  Probe (Chrono Boost)  
  77  5:12  Adept x3  
  77  5:13  Probe  
  84  5:19  Immortal (Chrono Boost)  
  85  5:24  Probe  
  85  5:25  Probe  
  92  5:30  Forge, Probe  
  74  5:37  Probe  
  74  5:38  Pylon, Probe  
  74  5:42  Probe  
  75  5:43  Adept x2  
  75  5:49  Probe  
  80  5:50  Probe  
  80  5:52  Sentry  
  80  5:55  Shield Battery  
  81  5:58  Warp Prism (Chrono Boost)  
  81  6:00  Shield Battery  
  81  6:02  Protoss Ground Weapons Level 1 (Chrono Boost)  
  81  6:03  Probe (Chrono Boost)  
  73  6:05  Probe (Chrono Boost)  
  73  6:09  Probe (Chrono Boost)  
  75  6:11  Charge  
  75  6:15  Probe (Chrono Boost)  
  75  6:16  Probe (Chrono Boost)  
  78  6:20  Probe x2 (Chrono Boost)  
  78  6:21  Shield Battery, Probe (Chrono Boost)  
  80  6:28  Templar Archives  
  80  6:29  Probe x2  
  82  6:33  Immortal (Chrono Boost)  
  82  6:37  Probe  
  87  6:41  Probe x2  
  87  6:45  Adept x2  
  91  6:49  Probe  
  91  6:50  Pylon  
  91  6:52  Pylon  
  92  6:54  Probe  
  92  6:58  Assimilator x2  
  93  7:06  Gateway  
  93  7:08  Observer (Chrono Boost), Probe x2  
  93  7:12  Gateway  
  93  7:13  Gateway  
  96  7:17  Probe  
  96  7:19  Gateway x2  
  97  7:28  Gateway, Probe x2  
  97  7:29  High Templar x2  
  103  7:30  Gateway  
  103  7:34  Archon  
  103  7:35  Zealot  
  105  7:37  Pylon  
  105  7:38  Pylon  
  105  7:39  Pylon  
  105  7:45  Immortal (Chrono Boost)  
  109  7:54  Shield Battery  
  109  7:55  Pylon  
  109  7:56  Pylon  
  99  7:59  Shield Battery  
  99  8:00  High Templar  
  99  8:01  High Templar x2, Shield Battery  
  99  8:02  High Templar  
  99  8:03  Pylon  
  107  8:05  Archon  
  107  8:15  Zealot x4  
  107  8:16  Archon  
  115  8:21  Warp Prism (Chrono Boost)  
  115  8:26  High Templar x2  
  121  8:30  Archon  
  121  8:34  Zealot x4  
  123  8:35  Zealot x4  
  137  8:44  Pylon  
  137  8:55  High Templar x3  
  137  8:57  High Templar, Zealot x3  
  137  8:58  Zealot  
  137  8:59  Archon  
  137  9:02  Archon  
  139  9:09  Zealot x2  
  113  9:24  Zealot x4  
  84  9:33  Zealot x6  
  77  9:44  Stalker x4  
  65  9:57  Stalker x4  
Show
View Real Time Build Order
Export as new Build Order

Reynor Zerg - Winner!

Build Orders: Hatch First 

Get SALT Encoding   

  12  0:00  Drone  
  13  0:11  Overlord  
  13  0:16  Drone  
  14  0:30  Drone x2  
  16  0:39  Drone  
  17  0:51  Hatchery  
  17  0:54  Drone  
  17  0:57  Drone  
  18  1:08  Extractor  
  17  1:12  Spawning Pool  
  17  1:15  Drone  
  17  1:19  Drone  
  18  1:27  Drone  
  19  1:38  Drone  
  20  1:48  Overlord  
  20  2:00  Queen  
  22  2:03  Queen  
  22  2:04  Zergling x4  
  26  2:10  Drone  
  26  2:12  Metabolic Boost  
  26  2:14  Drone  
  28  2:20  Drone  
  29  2:24  Drone  
  30  2:38  Drone  
  30  2:39  Hatchery  
  30  2:41  Drone  
  30  2:43  Zergling x2  
  32  2:50  Spore Crawler  
  31  2:51  Overlord  
  31  2:55  Queen  
  31  2:58  Drone  
  35  3:01  Zergling x2  
  36  3:10  Drone x2  
  36  3:11  Drone, Overlord  
  39  3:14  Drone  
  39  3:15  Drone  
  39  3:18  Drone  
  43  3:20  Drone  
  43  3:22  Drone  
  44  3:29  Queen  
  44  3:32  Drone x2  
  48  3:35  Drone  
  48  3:40  Queen  
  51  3:45  Zergling x2  
  51  3:48  Overlord  
  51  3:52  Zergling x4  
  51  3:53  Drone x2  
  55  3:58  Overlord  
  55  4:02  Queen  
  57  4:06  Baneling Nest  
  57  4:08  Zergling x6  
  57  4:09  Zergling x2  
  61  4:10  Zergling x2  
  61  4:15  Overlord  
  61  4:16  Zergling x4  
  63  4:21  Queen  
  63  4:23  Zergling x2  
  66  4:26  Zergling x2  
  66  4:27  Zergling x2  
  68  4:32  Zergling x2  
  68  4:33  Zergling x2  
  68  4:36  Zergling x2  
  71  4:41  Drone x2  
  71  4:42  Queen  
  71  4:43  Overlord  
  75  4:47  Zergling x4  
  75  4:50  Drone x3  
  80  4:53  Baneling x4  
  80  4:54  Baneling  
  80  4:56  Overlord  
  80  4:58  Drone  
  81  5:01  Drone  
  81  5:02  Drone  
  81  5:04  Spore Crawler  
  81  5:06  Drone, Spore Crawler  
  82  5:09  Drone x2  
  82  5:13  Drone x2  
  86  5:17  Baneling x3  
  86  5:18  Drone x2  
  87  5:21  Zergling x6  
  87  5:26  Overlord  
  87  5:28  Drone  
  91  5:35  Drone x2  
  87  5:38  Drone  
  87  5:39  Drone x2  
  87  5:40  Drone  
  87  5:41  Extractor  
  88  5:44  Drone  
  88  5:48  Drone  
  88  5:49  Drone x2, Hatchery  
  91  5:51  Drone x2, Overlord  
  91  5:53  Lair  
  91  5:57  Extractor x2  
  92  6:00  Drone x2  
  90  6:06  Drone  
  90  6:07  Roach Warren, Queen  
  90  6:08  Queen  
  90  6:11  Extractor  
  91  6:19  Overlord x2  
  91  6:23  Spine Crawler  
  91  6:25  Drone  
  92  6:48  Roach x16  
  92  6:49  Overlord  
  123  6:55  Drone  
  123  6:56  Drone x3  
  123  6:57  Evolution Chamber  
  123  6:59  Drone  
  123  7:01  Drone  
  128  7:05  Drone, Spire  
  128  7:08  Drone  
  128  7:10  Drone x2  
  128  7:11  Drone  
  128  7:14  Drone  
  128  7:15  Glial Reconstitution  
  130  7:16  Drone, Extractor  
  130  7:17  Drone x2  
  130  7:21  Drone x3  
  135  7:23  Overlord  
  135  7:24  Drone x2  
  135  7:26  Drone x2  
  135  7:27  Drone  
  140  7:30  Zerg Melee Weapons Level 1  
  140  7:33  Overlord  
  140  7:35  Drone  
  141  7:37  Extractor  
  141  7:38  Extractor  
  141  7:40  Drone x3  
  141  7:43  Drone x3  
  145  7:44  Drone  
  145  7:45  Overseer  
  145  7:49  Overlord  
  145  7:56  Hatchery  
  145  7:58  Overlord  
  144  7:59  Overlord  
  144  8:02  Drone x3  
  144  8:04  Spore Crawler  
  146  8:09  Overlord  
  145  8:21  Mutalisk x10  
  165  8:29  Zergling x16  
  165  8:31  Centrifugal Hooks  
  173  8:37  Zergling x2  
  173  8:38  Zergling x14  
  181  8:43  Zergling x8  
  181  8:45  Overlord  
  184  8:48  Ravager x3  
  184  8:49  Ravager  
  184  8:52  Zergling x4  
  188  8:58  Zergling x2, Roach  
  188  8:59  Overlord x2  
  189  9:06  Roach x5  
  180  9:10  Roach  
  180  9:11  Roach x2  
  180  9:15  Roach x3  
  183  9:19  Zergling x10  
  171  9:28  Roach x4  
  171  9:29  Queen  
  171  9:30  Queen  
  175  9:34  Roach x6  
  175  9:36  Zergling x2  
  176  9:39  Roach x2  
  176  9:41  Roach x3  
  176  9:42  Roach  
  173  9:45  Ravager  
  173  9:51  Ravager  
Tags
 
Add a new tag
Caveats
  • Supply blocks, unpowered buildings, or Contaminate may cause inaccurate times.
  • Supply counts are checked every 10 seconds.